Map: Lerilak Crest

Players

Harstem

  • Race: Protoss Protoss
  • League: Master

MaSa - Winner!

  • Race: Terran Terran

Event: 2016 WCS Winter Circuit Championship

VOD

Have the link to the VOD?

Description

Time

  • Played on: March 2, 2016, 1:52 p.m.
  • Length: 15:54

All games in this series

Show
View Real Time Build Order
Export as new Build Order

Harstem Protoss 

Build Orders: 1 Gate Expand, Blink Stalkers 

Get SALT Encoding   

  12  0:00  Probe (Chrono Boost)  
  13  0:11  Probe (Chrono Boost)  
  14  0:17  Pylon  
  14  0:22  Probe (Chrono Boost)  
  16  0:35  Probe (Chrono Boost)  
  16  0:36  Gateway  
  16  0:46  Probe (Chrono Boost)  
  16  0:47  Assimilator  
  17  0:56  Probe (Chrono Boost)  
  18  1:07  Probe (Chrono Boost)  
  19  1:20  Nexus  
  19  1:30  Cybernetics Core  
  20  1:33  Probe (Chrono Boost)  
  20  1:40  Assimilator  
  20  1:43  Probe (Chrono Boost)  
  21  1:50  Pylon  
  21  1:54  Probe (Chrono Boost)  
  22  2:09  Adept, Mothership Core (Chrono Boost)  
  26  2:17  Warp Gate  
  26  2:27  Probe (Chrono Boost)  
  27  2:35  Probe (Chrono Boost)  
  28  2:38  Probe (Chrono Boost)  
  28  2:40  Robotics Facility  
  29  2:46  Probe (Chrono Boost)  
  29  2:48  Probe (Chrono Boost)  
  31  2:56  Twilight Council, Probe (Chrono Boost)  
  32  2:59  Probe (Chrono Boost)  
  33  3:07  Probe (Chrono Boost)  
  33  3:10  Probe (Chrono Boost)  
  35  3:14  Gateway  
  35  3:15  Gateway  
  35  3:18  Probe (Chrono Boost)  
  36  3:20  Probe (Chrono Boost)  
  37  3:27  Probe (Chrono Boost)  
  37  3:28  Observer (Chrono Boost)  
  37  3:31  Probe  
  40  3:35  Pylon  
  40  3:37  Probe  
  40  3:38  Blink  
  41  3:43  Probe  
  41  3:48  Probe  
  42  3:51  Observer (Chrono Boost)  
  44  3:56  Pylon  
  44  4:02  Nexus  
  44  4:12  Probe  
  44  4:14  Probe  
  46  4:23  Stalker  
  46  4:24  Probe, Stalker  
  49  4:27  Probe  
  49  4:28  Stalker  
  49  4:29  Pylon  
  54  4:36  Probe, Assimilator  
  55  4:38  Pylon  
  55  4:40  Warp Prism (Chrono Boost)  
  55  4:42  Probe  
  58  4:45  Assimilator  
  58  4:51  Stalker x2  
  62  4:53  Probe  
  62  4:57  Pylon, Probe  
  64  5:01  Sentry  
  64  5:05  Probe  
  67  5:07  Forge  
  67  5:12  Probe  
  68  5:15  Pylon  
  68  5:20  Stalker x2  
  72  5:25  Probe x2  
  72  5:27  Protoss Ground Weapons Level 1 (Chrono Boost)  
  74  5:29  Probe  
  74  5:30  Immortal (Chrono Boost)  
  79  5:37  Stalker  
  79  5:41  Probe  
  84  5:50  Pylon, Stalker  
  84  5:54  Gateway  
  84  5:55  Resonating Glaives (Chrono Boost)  
  84  5:56  Probe  
  85  6:01  Adept x2  
  90  6:10  Immortal (Chrono Boost)  
  92  6:17  Probe  
  93  6:19  Probe  
  93  6:21  Gateway  
  93  6:23  Gateway  
  94  6:30  Adept x3  
  100  6:33  Pylon, Probe  
  100  6:35  Probe  
  102  6:40  Pylon, Probe  
  103  6:47  Probe  
  103  6:50  Immortal (Chrono Boost)  
  103  6:52  Gateway  
  108  6:54  Pylon  
  108  6:55  Stalker  
  108  6:59  Adept x2  
  113  7:01  Stalker  
  113  7:08  Protoss Ground Armor Level 1  
  114  7:13  Probe  
  115  7:20  Stalker x3  
  121  7:24  Immortal (Chrono Boost)  
  121  7:27  Pylon  
  124  7:37  Stalker x3  
  124  7:38  Probe  
  131  7:49  Pylon  
  132  7:52  Gateway, Adept x3  
  132  7:57  Immortal (Chrono Boost), Charge (Chrono Boost)  
  137  8:01  Zealot  
  137  8:04  Adept  
  141  8:06  Pylon  
  141  8:08  Adept  
  141  8:10  Adept  
  145  8:14  Adept x2  
  143  8:30  Adept x2  
  143  8:31  Adept x3  
  109  8:51  Adept x7  
  107  8:59  Probe x2  
  102  9:09  Probe  
  96  9:11  Sentry  
  96  9:12  Assimilator, Stalker x5  
  109  9:17  Protoss Ground Armor Level 2 (Chrono Boost)  
  109  9:20  Probe  
  109  9:22  Probe  
  112  9:27  Assimilator  
  111  9:32  Forge  
  111  9:33  Zealot  
  111  9:34  Probe  
  114  9:42  Probe  
  114  9:44  Observer (Chrono Boost), Probe  
  117  9:54  Zealot x5  
  117  9:56  Sentry  
  117  9:59  Protoss Ground Weapons Level 2 (Chrono Boost)  
  129  10:00  Pylon  
  129  10:03  Zealot x2  
  133  10:09  Templar Archives  
  133  10:22  Zealot x5  
  138  10:30  Probe  
  138  10:33  Zealot x3  
  145  10:41  Probe  
  146  10:46  High Templar x2  
  146  10:47  High Templar x2  
  154  10:51  Archon  
  154  10:52  Zealot, Archon  
  154  10:54  Immortal (Chrono Boost)  
  154  10:56  Pylon  
  160  11:00  Zealot x3  
  163  11:16  Stalker  
  161  11:21  Stalker x5  
  171  11:34  Zealot x2  
  171  11:39  Stalker  
  177  11:46  Stalker x2  
  181  11:49  Pylon  
  177  12:01  Zealot x5  
  99  12:08  Stalker  
  91  12:15  Stalker x2  
  93  12:23  Stalker x5  
  103  12:33  Zealot  
  104  12:41  Zealot x2  
  79  12:52  Zealot x4  
  77  13:00  Stalker x2  
  77  13:03  Stalker  
  76  13:07  High Templar  
  77  13:14  High Templar x3  
  77  13:15  High Templar  
  77  13:18  Archon  
  77  13:19  Archon  
  82  13:23  High Templar, Zealot  
  86  13:27  Archon  
  86  13:28  Zealot  
  85  13:46  Stalker x3  
Show
View Real Time Build Order
Export as new Build Order

MaSa Terran - Winner!

Build Orders: Reaper Expand, MMM Bio 

Get SALT Encoding   

  12  0:00  SCV  
  13  0:12  SCV  
  14  0:17  Supply Depot  
  14  0:25  SCV  
  15  0:38  SCV  
  15  0:41  Barracks  
  16  0:44  Refinery  
  16  0:50  SCV  
  17  1:03  SCV  
  18  1:15  SCV  
  19  1:29  Reaper  
  19  1:30  Orbital Command  
  20  1:41  Command Center  
  20  1:52  Barracks  
  20  1:56  SCV  
  21  2:02  Barracks Reactor  
  21  2:06  Supply Depot  
  21  2:10  SCV  
  22  2:22  SCV  
  23  2:23  Factory  
  23  2:29  Refinery  
  23  2:34  SCV  
  24  2:40  Marine x2  
  24  2:42  Barracks Tech Lab  
  26  2:46  SCV  
  27  2:55  Orbital Command  
  27  2:57  Marine  
  27  2:58  Marine  
  29  3:00  SCV  
  29  3:02  Marine  
  31  3:06  Stimpack  
  31  3:14  SCV  
  31  3:15  Marine x2  
  34  3:23  Marine  
  34  3:26  SCV  
  34  3:27  Starport  
  35  3:29  Factory Tech Lab  
  35  3:32  SCV  
  35  3:33  Marine  
  37  3:37  Marine  
  37  3:39  SCV  
  39  3:42  Supply Depot  
  39  3:44  Marine  
  39  3:46  SCV  
  41  3:51  SCV  
  41  3:54  Cyclone  
  45  3:58  Marine  
  46  4:04  Liberator, SCV  
  46  4:05  Supply Depot  
  46  4:06  Refinery  
  46  4:08  Marine x2  
  49  4:11  SCV  
  49  4:16  Marine  
  52  4:25  Barracks  
  52  4:26  Marine x2  
  52  4:30  Engineering Bay  
  54  4:32  SCV  
  54  4:34  SCV  
  54  4:36  Marine  
  57  4:40  Supply Depot  
  57  4:44  Siege Tank, Marine  
  61  4:46  SCV  
  62  4:57  Supply Depot  
  62  4:58  Terran Infantry Weapons Level 1  
  62  5:02  SCV x2, Marine  
  62  5:04  Starport Reactor  
  65  5:09  Marine x2  
  65  5:12  Barracks Reactor  
  67  5:14  SCV x2  
  67  5:17  Supply Depot  
  67  5:19  Marine  
  70  5:22  Siege Tank  
  70  5:26  SCV  
  70  5:27  SCV, Marine  
  76  5:31  Barracks  
  76  5:36  Barracks  
  76  5:39  Marine  
  76  5:40  Supply Depot  
  77  5:44  Medivac  
  77  5:46  Medivac  
  77  5:47  Marine  
  77  5:48  Marine  
  83  5:51  Marine  
  83  5:55  Refinery  
  83  5:56  Supply Depot  
  84  6:00  Missile Turret  
  84  6:02  SCV x2  
  86  6:04  Marine  
  86  6:06  Marine  
  88  6:12  Marine x2  
  88  6:14  Combat Shields  
  88  6:16  Marine  
  91  6:22  Marine  
  91  6:23  Medivac, Marine  
  91  6:24  Medivac  
  91  6:25  Marine  
  97  6:26  Marine  
  98  6:34  Marine x3  
  101  6:40  Supply Depot  
  101  6:42  Supply Depot  
  101  6:47  Barracks Reactor  
  101  6:48  Barracks Reactor  
  101  6:58  Marine  
  102  7:01  Marine x4  
  102  7:02  Siege Tank  
  102  7:03  Medivac  
  102  7:05  Medivac  
  113  7:15  Marine  
  113  7:19  Marine x4  
  118  7:23  Terran Infantry Armor Level 1  
  118  7:28  Supply Depot x2  
  118  7:33  Liberator x2  
  118  7:43  Marine  
  118  7:50  Marine x5  
  129  7:52  Marine x3  
  129  7:58  Supply Depot  
  132  8:01  Marine  
  133  8:07  Marine  
  133  8:08  Marine  
  133  8:09  Supply Depot  
  134  8:16  Marine  
  134  8:19  Marine x5  
  137  8:20  Siege Tank  
  142  8:30  Marine x3  
  145  8:34  Marine  
  145  8:37  Marine x2  
  145  8:39  Supply Depot  
  145  8:41  Supply Depot  
  141  8:43  Marine x3  
  141  8:48  Marine x3  
  116  8:52  Liberator, Siege Tank, Marine  
  116  8:55  Marine x2  
  99  8:59  Liberator  
  99  9:01  Marine x3  
  97  9:06  Marine x2  
  97  9:08  Marine  
  94  9:10  Marine  
  98  9:18  SCV  
  98  9:19  SCV  
  98  9:21  Marine  
  101  9:25  Marine x2  
  101  9:26  Marine  
  101  9:27  Marine  
  105  9:31  Marine x2  
  105  9:34  Marauder  
  105  9:35  Liberator, Marine  
  105  9:36  SCV  
  111  9:41  Siege Tank  
  111  9:42  Liberator, Marine  
  111  9:43  SCV  
  111  9:45  Marine  
  119  9:54  Marine  
  119  9:55  Marine x2  
  125  10:03  Marine x3  
  125  10:04  Marauder, Marine  
  125  10:06  SCV  
  132  10:08  SCV  
  132  10:11  Marine  
  132  10:12  Marine  
  135  10:18  Liberator  
  135  10:20  Marine x2  
  137  10:25  Liberator, Marauder  
  138  10:30  Marine x4  
  138  10:34  Marine x2  
  138  10:35  Siege Tank  
  150  10:42  Orbital Command  
  153  10:46  Armory  
  153  10:49  Ghost Academy  
  153  10:51  Marine  
  153  10:56  Marine  
  155  11:05  Marine x3  
  157  11:16  Marine  
  157  11:17  Marine  
  161  11:20  Liberator, Marine  
  161  11:23  Marine  
  164  11:26  Ghost  
  164  11:30  Marine x2  
  162  11:34  Liberator, Barracks Tech Lab  
  165  11:50  Supply Depot  
  165  11:52  Supply Depot  
  167  11:55  Supply Depot  
  167  11:56  Marine x2  
  167  11:57  Marine  
  167  11:58  Marine  
  167  11:59  Marine  
  131  12:01  Marine  
  131  12:03  Marine  
  131  12:05  Marine  
  116  12:13  Liberator  
  116  12:14  Marine x2  
  110  12:16  Siege Tank  
  110  12:19  Marine  
  110  12:20  Marine x2  
  110  12:22  Marine x2  
  115  12:33  Marine  
  115  12:34  Marauder  
  114  12:37  Marine x2  
  114  12:39  Marine  
  117  12:46  Marine x2  
  117  12:49  Marine  
  117  12:50  Liberator  
  106  12:51  Marine  
  106  12:55  Marine x3  
  106  12:56  Marine  
  105  13:04  Marine x2  
  107  13:07  Liberator, Marine  
  107  13:09  Marine  
  112  13:16  Ghost  
  114  13:25  Marauder  
  119  13:28  Marine x2  
  119  13:30  Marine  
  122  13:34  Marine  
  122  13:35  Marine  
  122  13:38  Marine  
  124  13:45  Marine  
  124  13:46  Marine x3  
  111  13:51  Marine  
  107  13:52  Marine  
Tags
 
Add a new tag
Caveats
  • Supply blocks, unpowered buildings, or Contaminate may cause inaccurate times.
  • Supply counts are checked every 10 seconds.